AoeStats
← Manolosaurio

Golden Pit

507910280Analyzed
1v1 RM · 14d ago on Sep 20, 2026· 39m 25s· 2 players
Game mode
Random Map
Map size
Tiny (2 player)
Population
200
Speed
Normal
Resources
Standard
Victory
Conquest
Starting age
Dark Age
Ending age
Imperial Age
RankedLock teamsTeams togetherTeam positionsShared explorationLock speedFull tech treeHidden civsTurbo modeCheats
Victory
Defeat
🇨🇴 Magyars · Colombia
1055
+15
🇪🇸 Britons · Spain
1029
-15
Manolosaurio
2:55 Loom
10:00 Feudal Age
15:09 Castle Age
20:13 Fletching
20:25 Padded Archer Armor
23:31 Leather Archer Armor
23:13 Double-Bit Axe
27:18 Horse Collar
28:16 Crossbowman
29:21 Ballistics
30:31 Wheelbarrow
31:15 Yeomen
31:32 Town Watch
34:39 Hand Cart
36:18 Bodkin Arrow
41:16 Imperial Age
juandaosp12
6:57 Loom
9:37 Feudal Age
17:05 Wheelbarrow
17:20 Bloodlines
17:19 Scale Barding Armor
17:11 Horse Collar
20:19 Castle Age
18:39 Gold Mining
18:38 Double-Bit Axe
20:01 Bloodlines
21:47 Bow Saw
28:34 Chain Barding Armor
29:50 Gold Shaft Mining
29:06 Stone Mining
30:47 Padded Archer Armor
30:37 Fletching
32:05 Husbandry
31:29 Elite Skirmisher
35:56 Imperial Age
37:06 Bodkin Arrow
37:38 Town Watch
37:29 Cavalier
38:26 Bracer
38:47 Leather Archer Armor
Connection lost

Rejoining the realm…

Still unreachable

The connection could not be restored.

Session expired

The server has moved on; the page needs a fresh start.